 Dungeon Crawl Stone Soup version 0.31-a0-175-g9f7f995f2b (webtiles) character file.

Game seed: 17778014474021123525

488 qw the Shooter (level 7, -15/64 HPs)
             Began as a Naga Hunter on June 17, 2023.
             Was an Initiate of Okawaru.
             Demolished by a gnoll sergeant
             ... wielding a +2 trident of freezing
              (16 damage)
             ... on level 4 of the Dungeon.
             The game lasted 00:01:07 (3107 turns).

qw the Shooter (Naga Hunter)                        Turns: 3107, Time: 00:01:08

Health: -15/64     AC:  3    Str: 20    XL:     7   Next: 13%
Magic:  7/7        EV: 15    Int:  9    God:    Okawaru [......]
Gold:   210        SH:  0    Dex: 16    Spells: 6/6 levels left

rFire   . . .        Y - +2 shortbow
rCold   . . .        (shield currently unavailable)
rNeg    . . .        c - +0 leather armour
rPois   +            (no helmet)
rElec   .            (no cloak)
rCorr   .            (no gloves)
SInv    +            (no barding)
Will    .....        (no amulet)
Stlth   ++           f - +5 ring of evasion
HPRegen 0.30/turn    b - +6 ring of strength
MPRegen 0.10/turn

%: no passive effects
@: short of breath, very slow
A: AC +2, large, see invisible, deformed body, poison resistance, slowness 2,
spit poison 1, naga tail 1, stinger 1, screaming 1
a: Spit Poison, Renounce Religion


You were on level 4 of the Dungeon.
You worshipped Okawaru.
Okawaru was noncommittal.
You visited 2 branches of the dungeon, and saw 5 of its levels.

You collected 282 gold pieces.
You spent 72 gold pieces at shops.


Innate Abilities, Weirdness & Mutations

Your serpentine skin is tough. (AC +2)
You have supernaturally acute eyesight. (SInv)
Armour fits poorly on your strangely shaped body.
Your system is resistant to poisons. (rPois)
You cover ground very slowly.
You can spit poison.
You have a snake-like lower body.
Your tail ends in a venomous barb.
You occasionally shout uncontrollably at your foes.


   Skills:
 - Level 4.0 Fighting
 + Level 6.5 Ranged Weapons
 - Level 2.4 Dodging
 - Level 1.5 Stealth


You had 6 spell levels left.
You didn't know any spells.
Your spell library was empty.

Inventory:

Hand Weapons
 Y - a +2 shortbow (weapon)
Armour
 c - a +0 leather armour (worn)
Jewellery
 b - a +6 ring of strength (right hand)
 d - a ring of fire
 f - a +5 ring of evasion (left hand)
Scrolls
 a - a scroll of identify
Potions
 g - a potion of cancellation {unknown}
 i - a potion of enlightenment {unknown}
 j - a potion of might
 k - 2 potions of curing
 m - a potion of mutation

Dungeon Overview and Level Annotations

Branches:
Dungeon (4/15)             Temple (1/1) D:4

Altars:
Ashenzari
Cheibriados
Dithmenos
Elyvilon
Fedhas
Hepliaklqana
Makhleb
Nemelex Xobeh
Okawaru
Qazlal
Ru
Trog
Uskayaw
Wu Jian
Xom
Yredelemnul
Zin

Shops:
D:3 *


Message History

The orc wizard is heavily wounded.
You shoot an arrow. The arrow hits the orc wizard.
The orc wizard is severely wounded.
You shoot an arrow. The arrow hits the orc wizard.
The orc wizard is severely wounded.
You have got your breath back.
The gnoll sergeant hits you from afar with a +2 trident of freezing!
The gnoll sergeant freezes you.
3103 ||| INVOKING Spit Poison.
Aiming: Spit Poison (1% risk of failure)
Press: ? - help, Shift-Dir - straight line, f/p - orc wizard The splash of poison hits the orc wizard.
The orc wizard is poisoned.
The orc wizard is almost dead.
The gnoll sergeant hits you from afar with a +2 trident of freezing!
The gnoll sergeant freezes you. The orc wizard misses you.
You shoot an arrow. The arrow barely misses the orc wizard.
You kill the orc wizard!
Okawaru accepts your kill.
The gnoll sergeant hits you from afar with a +2 trident of freezing!
The gnoll sergeant freezes you.
The gnoll sergeant hits you from afar with a +2 trident of freezing.
The gnoll sergeant freezes you.
You shoot an arrow. The arrow hits the gnoll sergeant.
The gnoll sergeant is lightly wounded.
You have got your breath back.
The gnoll sergeant hits you from afar with a +2 trident of freezing.
The gnoll sergeant freezes you.
3106 ||| INVOKING Spit Poison.
Aiming: Spit Poison (1% risk of failure)
Press: ? - help, Shift-Dir - straight line, f/p - gnoll sergeant The splash of poison hits the gnoll sergeant!
The gnoll sergeant is poisoned.
The gnoll sergeant is heavily wounded.
The gnoll sergeant barely misses you.
You shoot an arrow.
The arrow hits the gnoll sergeant but does no damage.
The gnoll sergeant is heavily wounded.
The gnoll sergeant hits you from afar with a +2 trident of freezing!
You die...

#..............##.
#.................
#.................
#..........#.#....
#............#....
#..........#.#####
#..####.# #.## .#
#@# #)#
...g..))g.h.o..
~~~h~~....~~~h~
~~~~~~....~~~~~
~~~~~~.)..~~~~~
...............
######)'''#####
#....#


You could see a gnoll sergeant (poisoned).

Vanquished Creatures
  A phantom (D:4)
  2 scorpions (D:4)
  A hound (D:4)
  3 orc wizards
  4 gnolls (D:4)
  7 adders
  4 worms
  A dart slug (D:2)
  13 orcs
  4 bats
  2 endoplasms
  4 giant cockroaches
  4 goblins
  6 hobgoblins
  4 jackals (D:4)
  3 kobolds
  4 quokkas (D:3)
  3 ball pythons
  3 frilled lizards
  2 rats
75 creatures vanquished.

Notes
Turn   | Place    | Note
-------+----------+-------------------------------------------
     0 | D:1      | qw the Naga Hunter began the quest for the Orb.
     0 | D:1      | Reached XP level 1. HP: 19/19 MP: 1/1
     0 | D:1      | 0 ||| qw: Version: 0.3-a-2-g5ab2908
     0 | D:1      | 0 ||| qw: Game counter: 161
     0 | D:1      | 0 ||| qw: Always use a shield: true
     0 | D:1      | 0 ||| qw: God list: Okawaru
     0 | D:1      | 0 ||| qw: Allow faded altars: false
     0 | D:1      | 0 ||| qw: Do Orc after D:15 true
     0 | D:1      | 0 ||| qw: Do second Lair branch before Depths: true
     0 | D:1      | 0 ||| qw: Lair rune preference: random
     0 | D:1      | 0 ||| qw: Plans: Normal
     0 | D:1      | 0 ||| PLANNING D:1-11
    93 | D:1      | 93 ||| INVOKING Spit Poison.
   122 | D:1      | 122 ||| INVOKING Spit Poison.
   427 | D:1      | Found a faded altar of an unknown god.
   466 | D:1      | 466 ||| INVOKING Spit Poison.
   818 | D:1      | 818 ||| UPGRADING to +5 ring of evasion.
   819 | D:1      | 819 ||| READING 2 scrolls labelled VOVUUL DUDGHIT.
   820 | D:1      | 820 ||| DRINKING 3 clear potions.
   820 | D:1      | Gained mutation: You are frail. (-10% HP) [potion of
                  | mutation]
   820 | D:1      | Gained mutation: You sometimes lose your temper in combat.
                  | [potion of mutation]
   820 | D:1      | Gained mutation: You occasionally lose the ability to read
                  | scrolls when taking damage. [potion of mutation]
   821 | D:1      | 821 ||| DRINKING 2 potions of mutation.
   821 | D:1      | Lost mutation: You are frail. (-10% HP) [potion of
                  | mutation]
   821 | D:1      | Lost mutation: You sometimes lose your temper in combat.
                  | [potion of mutation]
   821 | D:1      | Gained mutation: Your tail ends in a venomous barb. [potion
                  | of mutation]
   829 | D:1      | 829 ||| DRINKING potion of mutation.
   829 | D:1      | Lost mutation: You occasionally lose the ability to read
                  | scrolls when taking damage. [potion of mutation]
   829 | D:1      | Lost mutation: Your tail ends in a venomous barb. [potion
                  | of mutation]
   829 | D:1      | Gained mutation: You occasionally shout uncontrollably at
                  | your foes. [potion of mutation]
   829 | D:1      | Gained mutation: Your tail ends in a venomous barb. [potion
                  | of mutation]
   830 | D:1      | 830 ||| DROPPING scroll of butterflies.
   913 | D:2      | 913 ||| INVOKING Spit Poison.
   919 | D:2      | 919 ||| INVOKING Spit Poison.
   921 | D:2      | Reached skill level 4 in Ranged Weapons
   921 | D:2      | Reached XP level 2. HP: 26/26 MP: 2/2
   951 | D:2      | 951 ||| INVOKING Spit Poison.
   991 | D:2      | 991 ||| INVOKING Spit Poison.
  1006 | D:2      | 1006 ||| INVOKING Spit Poison.
  1055 | D:2      | 1055 ||| INVOKING Spit Poison.
  1060 | D:2      | 1060 ||| INVOKING Spit Poison.
  1064 | D:2      | 1064 ||| INVOKING Spit Poison.
  1103 | D:2      | 1103 ||| INVOKING Spit Poison.
  1106 | D:2      | 1106 ||| INVOKING Spit Poison.
  1111 | D:2      | Reached XP level 3. HP: 28/32 MP: 3/3
  1140 | D:2      | 1140 ||| INVOKING Spit Poison.
  1387 | D:2      | 1387 ||| DROPPING amulet of magic regeneration.
  1388 | D:2      | 1388 ||| UPGRADING to +6 ring of strength.
  1389 | D:2      | 1389 ||| DROPPING ring of wizardry.
  1390 | D:2      | 1390 ||| READING scroll labelled ILEODOIDANU.
  1391 | D:2      | 1391 ||| READING 2 scrolls labelled DUNUQEOROE.
  1392 | D:2      | 1392 ||| READING scroll labelled DUXYNGUMOC.
  1393 | D:2      | 1393 ||| READING scroll labelled VUFIRODWIT.
  1394 | D:2      | 1394 ||| DROPPING scroll of blinking.
  1438 | D:3      | 1438 ||| INVOKING Spit Poison.
  1462 | D:3      | 1462 ||| INVOKING Spit Poison.
  1465 | D:3      | 1465 ||| INVOKING Spit Poison.
  1472 | D:3      | 1472 ||| INVOKING Spit Poison.
  1534 | D:3      | 1534 ||| INVOKING Spit Poison.
  1549 | D:3      | 1549 ||| INVOKING Spit Poison.
  1552 | D:3      | 1552 ||| INVOKING Spit Poison.
  1554 | D:3      | Reached skill level 5 in Ranged Weapons
  1554 | D:3      | Reached XP level 4. HP: 39/39 MP: 4/4
  1555 | D:3      | 1555 ||| INVOKING Spit Poison.
  1559 | D:3      | 1559 ||| INVOKING Spit Poison.
  1562 | D:3      | 1562 ||| INVOKING Spit Poison.
  1566 | D:3      | 1566 ||| INVOKING Spit Poison.
  1572 | D:3      | 1572 ||| INVOKING Spit Poison.
  1572 | D:3      | HP: 8/40 [orc wizard/+0 club (4)]
  1579 | D:3      | Reached skill level 3 in Fighting
  1695 | D:3      | 1695 ||| READING scroll of enchant weapon.
  1695 | D:3      | 1695 ||| ENCHANTING +1 shortbow.
  1749 | D:3      | 1749 ||| INVOKING Spit Poison.
  1755 | D:3      | 1755 ||| INVOKING Spit Poison.
  1775 | D:3      | 1775 ||| INVOKING Spit Poison.
  1781 | D:3      | 1781 ||| INVOKING Spit Poison.
  1842 | D:3      | 1842 ||| INVOKING Spit Poison.
  1856 | D:3      | Found Ifuxuodgh's General Store.
  1861 | D:3      | 1861 ||| BUYING potion of curing (36 gold).
  1861 | D:3      | Bought a potion of curing for 36 gold pieces
  1861 | D:3      | 1861 ||| BUYING potion of curing (36 gold).
  1861 | D:3      | Bought a potion of curing for 36 gold pieces
  1868 | D:3      | 1868 ||| INVOKING Spit Poison.
  1870 | D:3      | Reached XP level 5. HP: 49/49 MP: 5/5
  1882 | D:3      | 1882 ||| INVOKING Spit Poison.
  1886 | D:3      | 1886 ||| INVOKING Spit Poison.
  1890 | D:3      | 1890 ||| INVOKING Spit Poison.
  1956 | D:3      | 1956 ||| INVOKING Spit Poison.
  1975 | D:3      | 1975 ||| INVOKING Spit Poison.
  2035 | D:3      | 2035 ||| INVOKING Spit Poison.
  2094 | D:3      | 2094 ||| INVOKING Spit Poison.
  2098 | D:3      | 2098 ||| INVOKING Spit Poison.
  2137 | D:3      | 2137 ||| READING scroll labelled ZEODUM ROSOWO.
  2238 | D:3      | 2238 ||| READING scroll labelled GAILUUTSALEPH.
  2243 | D:3      | 2243 ||| DRINKING 2 bubbling green potions.
  2244 | D:3      | 2244 ||| READING 2 scrolls of identify.
  2244 | D:3      | 2244 ||| IDENTIFYING brown potion
  2245 | D:3      | 2245 ||| DROPPING potion of berserk rage.
  2259 | D:4      | 2259 ||| INVOKING Spit Poison.
  2262 | D:4      | 2262 ||| INVOKING Spit Poison.
  2267 | D:4      | 2267 ||| INVOKING Spit Poison.
  2296 | D:4      | 2296 ||| INVOKING Spit Poison.
  2314 | D:4      | 2314 ||| INVOKING Spit Poison.
  2321 | D:4      | 2321 ||| INVOKING Spit Poison.
  2456 | D:4      | 2456 ||| INVOKING Spit Poison.
  2462 | D:4      | 2462 ||| INVOKING Spit Poison.
  2463 | D:4      | Reached skill level 6 in Ranged Weapons
  2463 | D:4      | Reached XP level 6. HP: 51/56 MP: 6/6
  2468 | D:4      | 2468 ||| INVOKING Spit Poison.
  2708 | D:4      | 2708 ||| INVOKING Spit Poison.
  2720 | D:4      | 2720 ||| INVOKING Spit Poison.
  2751 | D:4      | Found a staircase to the Ecumenical Temple.
  2752 | D:4      | 2752 ||| PLANNING TEMPLE
  2755 | D:4      | 2755 ||| INVOKING Spit Poison.
  2763 | Temple   | Entered the Ecumenical Temple
  2790 | Temple   | 2790 ||| PLANNING D:1-11
  2810 | D:4      | 2810 ||| INVOKING Spit Poison.
  2816 | D:4      | 2816 ||| INVOKING Spit Poison.
  2839 | D:4      | 2839 ||| INVOKING Spit Poison.
  2852 | D:4      | 2852 ||| INVOKING Spit Poison.
  2919 | D:4      | Found a white marble altar of Elyvilon.
  2919 | D:4      | Found a blossoming altar of Fedhas.
  2919 | D:4      | Found a burning altar of Makhleb.
  2919 | D:4      | Found a stormy altar of Qazlal.
  2920 | D:4      | Found a basalt altar of Yredelemnul.
  2920 | D:4      | Found a sparkling altar of Nemelex Xobeh.
  2921 | D:4      | Found an iron altar of Okawaru.
  2922 | D:4      | 2922 ||| PLANNING OKAWARU WORSHIP
  2922 | D:4      | 2922 ||| READING scroll labelled HIKAEBUXTO.
  2922 | D:4      | Identified a scroll of acquirement
  2922 | D:4      | 2922 ||| ACQUIRING ring of fire
  2922 | D:4      | Acquired a ring of fire
  2924 | D:4      | Found a hide-covered altar of Uskayaw.
  2924 | D:4      | Found a glowing silver altar of Zin.
  2925 | D:4      | Found an ornate altar of the Wu Jian Council.
  2984 | D:4      | Became a worshipper of Warmaster Okawaru
  2985 | D:4      | 2985 ||| PLANNING D:1-11
  3046 | D:4      | 3046 ||| Stepping ~*~*~tactically~*~*~ (outnumbered).
  3047 | D:4      | 3047 ||| INVOKING Spit Poison.
  3052 | D:4      | 3052 ||| INVOKING Spit Poison.
  3058 | D:4      | Reached XP level 7. HP: 37/64 MP: 7/7
  3066 | D:4      | 3066 ||| INVOKING Spit Poison.
  3088 | D:4      | 3088 ||| INVOKING Spit Poison.
  3095 | D:4      | 3095 ||| INVOKING Spit Poison.
  3100 | D:4      | 3100 ||| INVOKING Spit Poison.
  3103 | D:4      | 3103 ||| INVOKING Spit Poison.
  3104 | D:4      | HP: 16/64 [gnoll sergeant/+2 trident of freezing (8)]
  3104 | D:4      | HP: 7/64 [gnoll sergeant/+2 trident of freezing (2)]
  3105 | D:4      | HP: 2/64 [gnoll sergeant/+2 trident of freezing (6)]
  3106 | D:4      | 3106 ||| INVOKING Spit Poison.
  3107 | D:4      | Demolished by a gnoll sergeant

Levels and vault maps discovered:
D:1:      dpeg_arrival_three_smaller_balls, layout_loops_ring,
          hellmonk_ecumenical_altar_zigzags, hangedman_decor_growths
D:2:      layout_rooms, minmay_liquid_box
D:3:      layout_loops_cross, serial_shops, nicolae_shop_rolling_square
D:4:      lemuel_castle_with_subvaults [lemuel_castle_interior_carwin_2],
          layout_basic, nicolae_overflows_in_rows, temple_green
Temple:   nicolae_temple_little_seven

Skill      XL: |  1  2  3  4  5  6 |
---------------+-------------------+-----
Ranged Weapons | 4 5 6 |  6.5
Fighting       | 3 4 |  4.0
Dodging        | 2 |  2.4
Stealth        | |  1.5

Action                     |  1- 3 |  4- 6 |  7- 9 || total
---------------------------+-------+-------+-------++-------
   Fire: Shortbow          |    51 |   112 |    17 ||   180
Ability: Spit Poison       |    21 |    37 |     6 ||    64
    Use: Potion            |     3 |     1 |       ||     4
         Scroll            |     5 |     5 |       ||    10
 Armour: Leather armour    |     2 |    12 |       ||    14
  Dodge: Dodged            |    15 |    37 |     2 ||    54

Table legend:
 A = Non-vault XP
 B = Vault XP
 C = Vault XP percentage of total XP
 D = Non-vault monster count
 E = Vault monster count
 F = Vault count percentage of total count
                 A         B        C        D         E       F
            +---------+---------+-------+---------+---------+-------
      Total |     593 |     105 |  15.0 |      64 |      11 |  14.7
            +---------+---------+-------+---------+---------+-------
        D:1 |       6 |       0 |   0.0 |       4 |       0 |   0.0
        D:2 |      36 |       0 |   0.0 |      13 |       0 |   0.0
        D:3 |     160 |       0 |   0.0 |      29 |       0 |   0.0
        D:4 |     391 |     105 |  21.2 |      18 |      11 |  37.9
            +---------+---------+-------+---------+---------+-------
